Zazza, neutral female human Tourist -------- |...(...# |......|# --------------------------------- |......|# |................................ |......|# |.------------.....------------.| ------------ |.^....|# |.|[+[|...|%.|.....|..|(((|...|.| ...........| -.------) |.|!?!|...|..|..(..-..|(((|...|.| |<.........| ## ### |.|)*!|...|..|.....|..|...|.. |.| `|..........| # # |.|..(|...||--.....----|---|---.| ##...........| ### ### #-.--|---|--.....................| # |..........| # # #|.............{......{..........| ### ------------ # ###|.-|---|---....---|--(..........| # # # #-.|...|.. |---.|....|.------|--.| ### -.---------- # |)|(.+|...|..-.|....|.-..|....|.| # |..........| |.|(.(|...|.)|.|.._.|.|..|....|.-##### |...........)#)#I#I.|(.(|...|..|.|....|.|..|....|.| |..........| |.------------.------.---------.| ------------ |......................)).......| --------------------------------- Zazza the Peregrinatrix Experience level: 10 Strength: 17 Dexterity: 15 Constitution: 18 Intelligence: 16 Wisdom: 11 Charisma: 16 Health: 0(102) Energy: 39(39) Def: 9 Gold: 234 Moves: 18038 Dungeon seed: WEcw61xesITkQdXX Game ID: Zazza_1575840119 Your Inventory: Coins $ - 234 gold pieces Amulets H - a blessed amulet of ESP (being worn) Weapons y - the rustproof +0 Magicbane (weapon in hand) O - a blessed +1 elven dagger (alternate weapon; not wielded) Armor e - an uncursed +0 pair of leather gloves (being worn) z - an uncursed +0 elven mithril-coat (being worn) P - an uncursed +0 cloak of invisibility U - an uncursed +0 pair of elven boots X - a blessed +1 orcish helm (being worn) Y - an uncursed +0 pair of kicking boots Rings T - a blessed +1 ring of protection (on right hand) Tools f - a magic flute (0:4) k - an uncursed skeleton key m - an uncursed mirror o - an uncursed stethoscope s - an uncursed magic whistle t - an uncursed towel u - a +0 unicorn horn Gems G - 2 uncursed luckstones J - an uncursed worthless piece of blue glass Spells and supernatural/magical abilities: Name Level Category Fail Memory a - force bolt 1 attack 100% 30% l - light 1 divination 100% 30% m - magic missile 2 attack 100% 36% z - sleep 1 enchantment 100% 30% L - levitation 4 escape 100% 75% U - detect unseen 3 divination 100% 30% W - pray for help -- divine ? -- Your skills at the end: Fighting Skills two weapon combat [Basic] Weapon Skills dagger [Expert] pick-axe [Basic] dart [Basic] Spellcasting Skills Final Attributes: You were piously aligned. You were fire resistant. You were cold resistant. You were sleep resistant. You were poison resistant. You were magic-protected. You saw invisible. You were telepathic. You had automatic searching. You could teleport. You had teleport control. You were protected. You were fast. You were very lucky. You had extra luck. Bad luck did not time out for you. Good luck did not time out for you. The Lady was angry with you. You are dead. Vanquished creatures: 2 baby orange dragons 2 ghosts a queen bee 3 giant mimics a baby purple worm a long worm 5 small mimics an ettin mummy a freezing sphere a flaming sphere a shocking sphere 2 tigers 3 dwarf kings 2 tengu a mountain centaur an elf mummy a red naga a wraith a leather golem 3 soldiers a chameleon a crocodile 3 giant beetles 5 wolves 4 winter wolf cubs 47 leprechauns an orc-captain 2 iron piercers a giant spider a forest centaur 5 gnome kings 2 orc mummies 2 ogres an owlbear a gold golem a Green-elf 3 lizards a chickatrice 2 dogs 2 dingos 2 housecats a jaguar 4 dwarf lords 4 white unicorns a black unicorn a raven 2 plains centaurs a gnome mummy 2 snakes an ape 2 rope golems 4 Woodland-elves a soldier ant 11 bugbears 2 imps 3 wood nymphs 2 water nymphs a mountain nymph 2 Mordor orcs 7 Uruk-hai 2 orc shamans 2 rock piercers a rock mole a pony a fog cloud a yellow light 2 shriekers 3 violet fungi 15 gnome lords 5 gnomish wizards a kobold mummy a red naga hatchling 4 black naga hatchlings 2 gray oozes 2 barrow wights 4 elf zombies a ghoul 2 straw golems a paper golem a baby crocodile 9 giant ants 3 little dogs 5 floating eyes 20 dwarves a homunculus a kobold lord 17 hill orcs 8 rothes 4 rabid rats a monkey 4 orc zombies 10 dwarf zombies 3 wererats 5 iguanas 22 killer bees 2 acid blobs 5 coyotes 3 gas spores 10 hobbits 7 manes 5 large kobolds 4 hobgoblins 13 giant rats 6 cave spiders 3 yellow molds 2 green molds 3 red molds 67 gnomes 14 garter snakes 3 gnome zombies 5 geckos 10 jackals 3 foxes 2 kobolds 14 goblins 11 sewer rats 10 grid bugs 2 bats 10 lichens 2 kobold zombies 20 newts 575 creatures vanquished. Voluntary challenges: You used a wielded weapon 736 times, starting on turn 3397. You read items or engraved 46 times, starting on turn 2830. You never genocided any monsters. You never polymorphed an object. You changed form 1 time, starting on turn 4533. You used no wishes. You never split a pudding. You wrote Elbereth's name 13 times, starting on turn 2992. You violated your moral code, losing 130 points of alignment, starting on turn 8359. Dungeon overview: The Dungeons of Doom: levels 1 to 12 Level 1 a fountain a long staircase Level 2 a general store, a fountain stairs to The Gnomish Mines Level 3 a scroll shop, a fountain, a sink Level 4 a fountain Level 5 Level 6 Level 7 some altars to The Lady and Offler, a fountain Level 8 many fountains Level 9 a fountain stairs to Sokoban Level 10 a temple to The Lady Level 11 Level 12 The Gnomish Mines: levels 3 to 10 Level 3 stairs to The Dungeons of Doom Level 4 Level 5 <- You were here many shops, a temple to The Lady, some fountains Level 6 Level 7 Level 8 Level 9 Level 10 Sokoban: levels 5 to 8 Level 5 Level 6 Level 7 Level 8 stairs to The Dungeons of Doom History has recorded: On T:1 you entered the Dungeons of Doom to retrieve the Amulet of Yendor! On T:351 you reached level 2 of The Dungeons of Doom. On T:1403 you reached level 3 of The Dungeons of Doom. On T:1801 you reached level 4 of The Dungeons of Doom. On T:2274 you reached level 5 of The Dungeons of Doom. On T:2413 you advanced to experience level 2. On T:2556 you reached level 6 of The Dungeons of Doom. On T:3012 you reached level 7 of The Dungeons of Doom. On T:3769 you advanced to experience level 3. On T:4442 you reached level 8 of The Dungeons of Doom. On T:4565 you advanced to experience level 4. On T:4590 you advanced to experience level 5. On T:4866 you reached level 9 of The Dungeons of Doom. On T:5113 you advanced to experience level 6. On T:5221 you reached level 10 of The Dungeons of Doom. On T:5539 you reached level 11 of The Dungeons of Doom. On T:5667 you received Magicbane from The Lady. On T:6057 you advanced to experience level 7. On T:6252 you reached level 12 of The Dungeons of Doom. On T:6948 you advanced to experience level 8. On T:7949 you advanced to experience level 9. On T:8136 you reached level 4 of Sokoban. On T:8486 you reached level 3 of Sokoban. On T:9383 you reached level 2 of Sokoban. On T:9804 you reached level 1 of Sokoban. On T:13377 you reached level 1 of The Gnomish Mines. On T:13678 you reached level 2 of The Gnomish Mines. On T:13934 you reached level 3 of The Gnomish Mines. On T:13966 you advanced to experience level 10. On T:14223 you reached level 4 of The Gnomish Mines. On T:14709 you reached level 5 of The Gnomish Mines. On T:14803 you reached level 6 of The Gnomish Mines. On T:14924 you reached level 7 of The Gnomish Mines. On T:15314 you reached level 8 of The Gnomish Mines. Score breakdown: Gold: 0 ( 0 points) Experience: 10 levels (16712 points) Exploration: 12 levels ( 23.08%) (13932 points) Discoveries: 44 items ( 14.77%) (11527 points) Valuables value: (no points given unless you survive) Artifact value: 3500 (12056 points) Variety of kills: 121 monsters ( 31.76%) (16906 points) Turncount: 18038 turns (-3250 points) Survival: died (score multiplied by 80%) Total score: 54306 Latest messages: Aloha Zazza, the human Tourist, welcome back to NetHack! You are lucky! Full moon tonight. Never mind. You produce a strange whistling sound. The Green-elf shoots a crossbow bolt! You are hit by a crossbow bolt. You faint from lack of food. You are hit! (2x) It misses. You come to. You faint from lack of food. It hits! (3x) It misses. It hits! (5x) Being unconscious, you cannot control your teleport. It hits! (3x) You die... Final status: Aloha Zazza the Tourist, killed by a Green-elf, while fainted from lack of food... You died in The Gnomish Mines on dungeon level 5 with 54306 points, and 234 pieces of gold, after 18038 moves. You were level 10 with a maximum of 102 hit points when you died.